 Dungeon Crawl Stone Soup version 0.30-a0-1114-gd936c97349 (webtiles) character file.

Game seed: 7650449674524835213

126 Juicyj the Covered (level 4, 0/41 HPs)
             Began as a Minotaur Fighter on Apr 20, 2023.
             Slain by a howler monkey (4 damage)
             ... on level 3 of the Dungeon.
             The game lasted 00:02:25 (1598 turns).

Juicyj the Covered (Minotaur Fighter)               Turns: 1598, Time: 00:02:26

Health: 0/41       AC: 12    Str: 22    XL:     4   Next: 84%
Magic:  3/3        EV:  6    Int:  5    God:
Gold:   92         SH:  4    Dex: 10    Spells: 3/3 levels left

rFire   . . .      SeeInvis .    a - +0 war axe
rCold   . . .      Faith    .    c - +0 buckler
rNeg    . . .      Spirit   .    n - +0 plate armour
rPois   .          Reflect  .    (helmet restricted)
rElec   .          Rampage  .    (no cloak)
rCorr   +                        (no gloves)
Will    .....                    (no boots) Stlth
                                 (no amulet)
HPRegen 0.26/turn                f - ring of resist corrosion
MPRegen 0.08/turn                (no ring)

@: no status effects
A: horns 2, retaliatory headbutt
a: no special abilities


You were on level 3 of the Dungeon.
You visited 1 branch of the dungeon, and saw 3 of its levels.

You collected 92 gold pieces.

Inventory:

Hand Weapons
 a - a +0 war axe (weapon)
Missiles
 i - 12 boomerangs (quivered)
 p - 7 poisoned darts
Armour
 b - a +0 scale mail
 c - a +0 buckler (worn)
 n - a +0 plate armour (worn)
Jewellery
 f - a ring of resist corrosion (left hand)
 l - a ring of fire
Wands
 u - a wand of polymorph (9)
Scrolls
 e - a scroll of fear {unknown}
 j - a scroll of magic mapping {unknown}
 k - a scroll of brand weapon {unknown}
 o - 2 scrolls of enchant armour {unknown}
 q - a scroll of fog {unknown}
 r - a scroll of identify {unknown}
 s - a scroll of enchant weapon {unknown}
Potions
 d - a potion of might
 g - a potion of flight {unknown}
 h - a potion of curing {unknown}
 m - a potion of attraction {unknown}
 t - 2 potions of lignification {unknown}


   Skills:
 + Level 4.6 Fighting
 + Level 3.6 Axes
 + Level 4.6 Armour
 + Level 4.6 Shields


You had 3 spell levels left.
You didn't know any spells.
Your spell library contained the following spells:

 Spells                   Type           Power      Damage    Failure   Level
 Vhi's Electric Charge    Tloc/Air       0%         N/A       100%        3
 Arcjolt                  Conj/Air       0%         1d10      100%        5
 Maxwell's Capacitive Co  Air            0%         ∞         100%        8


Dungeon Overview and Level Annotations

Branches:
Dungeon (3/15)

Altars:

Annotations:
D:3 Grinder


Innate Abilities, Weirdness & Mutations

You have a pair of horns on your head.
You reflexively headbutt those who attack you in melee.


Message History

The howler monkey hits you but does no damage.
Grinder blinks!
Unknown command.
You barely miss the orc. x2; You miss something.
You hit the orc. You hit the howler monkey.
You feel less confused.
The howler monkey completely misses you.
You furiously retaliate!
You headbutt the howler monkey! The orc hits you with a +0 flail.
Something hits you but does no damage. The orc completely misses you.
The orc hits you but does no damage.
Grinder blinks!
The howler monkey hits you but does no damage.
Something hits you but does no damage. The orc hits you with a +0 club.
The orc hits you but does no damage. The orc hits you with a +0 flail.
Unknown command.
You closely miss the orc. You barely miss the orc.
You closely miss the howler monkey. You barely miss the orc.
You barely miss something.
The howler monkey hits you but does no damage.
The orc barely misses you. You block the orc's attack.
The orc hits you with a +0 club. Something hits you but does no damage.
The howler monkey barely misses you.
The giant cockroach bites you but does no damage.
You slash the orc!
You kill the orc!
You closely miss the orc. You barely miss the orc. You miss something.
You barely miss the howler monkey. You closely miss the giant cockroach.
Something hits you but does no damage. The orc hits you with a +0 club.
* * * LOW HITPOINT WARNING * * *
The orc hits you with a +0 club.
* * * LOW HITPOINT WARNING * * *
The howler monkey hits you.
* * * LOW HITPOINT WARNING * * *
The giant cockroach bites you but does no damage.
The orc hits you with a +0 club.
* * * LOW HITPOINT WARNING * * *
Something hits you but does no damage. The orc hits you but does no damage.
Grinder gestures at you.
Found 5 large rocks.
The howler monkey hits you.
You die...

........ ....$. .......#
..........[.... ....##.#
(..............
.....#.####..........5..
........................
........................
...........###..........
.............)Bo{.......
...#.###.....##.@.......
.#...# ##......oh.......
###### ######..........
# #..........
#.......... #########..
#


You could see Grinder, a howler monkey, 2 orcs and a giant cockroach.

Vanquished Creatures
  4 gnolls
  2 adders
  A worm (D:2)
  3 orcs (D:3)
  8 endoplasms
  2 giant cockroaches
  9 hobgoblins
  5 jackals (D:2)
  8 kobolds
  2 quokkas (D:2)
  3 ball pythons
  6 bats
  3 frilled lizards
  5 rats
61 creatures vanquished.

Vanquished Creatures (others)
  2 fungi (D:1)
  5 plants (D:1)
7 creatures vanquished.

Grand Total: 68 creatures vanquished

Notes
Turn   | Place    | Note
-------+----------+-------------------------------------------
     0 | D:1      | Juicyj the Minotaur Fighter began the quest for the Orb.
     0 | D:1      | Reached XP level 1. HP: 19/19 MP: 0/0
    95 | D:1      | Reached XP level 2. HP: 27/27 MP: 1/1
   267 | D:1      | Reached XP level 3. HP: 33/33 MP: 2/2
   532 | D:1      | Found a faded altar of an unknown god.
   756 | D:2      | Reached XP level 4. HP: 19/41 MP: 3/3
  1563 | D:3      | Noticed Grinder
  1578 | D:3      | Paralysed by Grinder for 4 turns
  1589 | D:3      | Paralysed by Grinder for 2 turns
  1598 | D:3      | Slain by a howler monkey

Illustrated notes

Levels and vault maps discovered:
D:1:      heliophobic_arrival_dark_side_of_the_moon, layout_rooms,
          dreamdust_ecumenical_altar_hidden_monk_grotto
D:2:      layout_basic, minivault_19
D:3:      minmay_bubble_buster, layout_rooms, tgw_xom, serial_shops,
          nicolae_shop_crystal, uniq_grinder

Skill      XL: |  1  2  3 |
---------------+----------+-----
Fighting       | 4 |  4.6
Armour         | 4 |  4.6
Shields        | 4 |  4.6
Axes           | 3 |  3.6

Action                     |  1- 3 |  4- 6 || total
---------------------------+-------+-------++-------
  Melee: War axe           |    60 |    55 ||   115
         Headbutt          |     6 |     8 ||    14
  Throw: Boomerang         |       |     3 ||     3
 Armour: Scale mail        |    13 |       ||    13
         Plate armour      |    15 |    63 ||    78
  Dodge: Dodged            |    34 |    32 ||    66
  Block: Buckler           |    18 |    10 ||    28

Table legend: (Time is in decaauts)
 A = Elapsed time spent in this place.
 B = Non-inter-level travel time spent in this place.
 C = Inter-level travel time spent in this place.
 D = Time resting spent in this place.
 E = Time spent auto-exploring this place.
 F = Levels seen in this place.
 G = Mean time per level.
                   A        B        C        D        E       F      G
               +--------+--------+--------+--------+--------+-----+--------+
         Total |   1642 |   1584 |     58 |      0 |   1211 |   3 |  547.3 |
       Dungeon |   1642 |   1584 |     58 |      0 |   1211 |   3 |  547.3 |
               +--------+--------+--------+--------+--------+-----+--------+

Top non-repeatable levels by time:
     D:2: 956 daAuts
     D:1: 596 daAuts
     D:3: 89 daAuts
